 Dungeon Crawl Stone Soup version 0.22-a0-240-g539252a (webtiles) character file.

49 wazuzu the Digger (level 3, -1/26 HPs)
             Began as a Demonspawn Earth Elementalist on Feb 21, 2018.
             Slain by a goblin
             ... wielding a cursed -3 club
             ... led by Robin
              (3 damage)
             ... on level 2 of the Dungeon.
             The game lasted 00:04:50 (1390 turns).

wazuzu the Digger (Demonspawn Earth Elementalist)   Turns: 1390, Time: 00:04:51

Health: -1/26      AC:  2    Str:  8    XL:     3   Next: 53%
Magic:  6/6        EV: 12    Int: 17    God:
Gold:   38         SH:  0    Dex: 13    Spells: 5/6 levels left

rFire    . . .     SeeInvis .     - Unarmed
rCold    . . .     Gourm    .   (no shield)
rNeg     . . .     Faith    .   c - +0 robe
rPois    .         Spirit   .   (no helmet)
rElec    .         Reflect  .   (no cloak)
rCorr    .         Harm     .   (no gloves)
MR       .....                  (no boots)
Stlth    ++........             (no amulet)
HPRegen  0.08/turn              (no ring)
MPRegen  0.10/turn              (no ring)

@: no status effects
A: claws 1
a: no special abilities


You were on level 2 of the Dungeon.
You were not hungry.

You visited 1 branch of the dungeon, and saw 2 of its levels.

You collected 38 gold pieces.

Inventory:

Missiles
 b - 25 stones (quivered)
Armour
 c - a +0 robe (worn)
Scrolls
 h - a scroll of identify
 i - a scroll of immolation
 j - a scroll of fear {unknown}
 m - a scroll of enchant armour {unknown}
 n - a scroll of blinking {unknown}
Potions
 e - a potion of brilliance {unknown}
 f - 2 potions of flight
 k - a potion of curing {unknown}
Comestibles
 d - 3 rations
 g - 4 chunks of flesh


   Skills:
 + Level 1.3 Fighting
 - Level 1.7 Dodging
 - Level 1.7 Stealth
 * Level 1.7 Unarmed Combat
 - Level 2.3 Spellcasting
   Level 0.8 Transmutations
 - Level 3.0 Earth Magic


You had 5 spell levels left.
You knew the following spells:

 Your Spells              Type           Power        Failure   Level  Hunger
a - Sandblast             Erth           ##....       5%          1    #......


Dungeon Overview and Level Annotations

Branches:
Dungeon (2/15)

Altars:


Innate Abilities, Weirdness & Mutations

You have sharp fingernails.


Message History

As you read the scroll labeled NIRCHU CUBOU, it crumbles to dust.
It is a scroll of identify.
f - 2 potions of flight The goblin hits you with a club.
The frilled lizard barely misses you.
As you read the scroll labeled GOOGOSTR JITIMN, it crumbles to dust.
The creatures around you are filled with an inner flame!
It was a scroll of immolation.
The goblin barely misses you. The goblin hits you with a club.
* * * LOW HITPOINT WARNING * * *
The frilled lizard bites you.
* * * LOW HITPOINT WARNING * * *
As you read the scroll labeled TUNNAASOTU, it crumbles to dust.
The scroll dissolves into smoke.
It was a scroll of fog.
The goblin misses you. The goblin hits you with a club.
* * * LOW HITPOINT WARNING * * *
The frilled lizard closely misses you.
Okay, then.
It was a potion of cancellation.
You feel magically purged. The goblin barely misses you.
The goblin hits you with a club.
You die...

g.g..#.......#[..#..#.#
............(#...#..#.#
....................#.##
.K##.##......#.........# . #.
#.....K...###.#.## #.
#......g......#)#
.........gg......#
..#..#....gg####..####..#
.....#....gl@g§..........
.#..#....g#####..#####.# #
#.....#####..#####..# #.
#.......................
####.##........###....#####...
......#..#.###.# #....#
.##............###....#####.#
.##...#.......<....#........#
.##.#.#..........#.#..#######.


You could see 7 goblins and a frilled lizard (inner flame).

Vanquished Creatures
  An adder (D:2)
  A worm (D:2)
  A leopard gecko (D:1)
  2 giant cockroaches (D:1)
  4 goblins
  3 hobgoblins (D:1)
  2 jackals (D:1)
  2 bats (D:1)
  14 frilled lizards (D:1)
  7 kobolds
  2 rats
39 creatures vanquished.

Vanquished Creatures (others)
  3 plants (D:1)
3 creatures vanquished.

Grand Total: 42 creatures vanquished

Notes
Turn   | Place    | Note
-------+----------+-------------------------------------------
     0 | D:1      | wazuzu the Demonspawn Earth Elementalist began the quest for the Orb.
     0 | D:1      | Reached XP level 1. HP: 13/13 MP: 3/3
   294 | D:1      | Reached skill level 3 in Earth Magic
   295 | D:1      | Gained mutation: You have sharp fingernails. [demonic ancestry]
   295 | D:1      | Reached XP level 2. HP: 14/19 MP: 0/5
   827 | D:1      | Reached skill level 1 in Unarmed Combat
   841 | D:1      | Reached skill level 1 in Fighting
   996 | D:1      | Reached XP level 3. HP: 25/26 MP: 6/6
  1390 | D:2      | Slain by a goblin

Vault maps used:
D:1:      lightli_arrival_noodles, minmay_lizard_king
D:2:      first_ration, bloody_makhleb, uniq_jessica, uniq_robin

Skill      XL: |  1  2 |
---------------+-------+-----
Earth Magic    | 3 |  3.0
Unarmed Combat | 1 |  1.7
Fighting       | 1 |  1.3
Dodging        | |  1.7
Stealth        | |  1.7
Spellcasting   | |  2.3
Transmutations | |  0.8

Action                   || total
-------------------------++-------
Melee: Club              ||    24
       Unarmed           ||   114
 Cast: Sandblast         ||    22
  Use: Scroll            ||     3
       Potion            ||     1
 Stab: Sleeping          ||     2
       Distracted        ||     1
  Eat: Chunk             ||     2
Armor: Robe              ||    43
Dodge: Dodged            ||   105

Table legend:
 A = Spawn XP
 B = Non-spawn XP
 C = Spawn XP percentage of total XP
 D = Spawn monster count
 E = Non-spawn monster count
 F = Spawn count percentage of total count
 G = Total turns spent on level
                    A         B        C        D         E        F      G
               +---------+---------+-------+---------+---------+-------+---------
         Total |       0 |      71 |   0.0 |       0 |      39 |   0.0 |  1390
               +---------+---------+-------+---------+---------+-------+---------
           D:1 |       0 |      44 |   0.0 |       0 |      31 |   0.0 |  1168
           D:2 |       0 |      27 |   0.0 |       0 |       8 |   0.0 |   222
               +---------+---------+-------+---------+---------+-------+---------
